 Dungeon Crawl Stone Soup version 0.26-a0-501-g57170428f2 (webtiles) character file.

Game seed: 6099007764577817001

24782 Infinimo the Arsonist (level 13, -1/102 HPs)
             Began as a Hill Orc Fire Elementalist on Aug 7, 2020.
             Was an Initiate of Gozag.
             Slain by an entropy weaver (13 damage)
             ... on level 3 of the Lair of Beasts.
             The game lasted 00:21:57 (21001 turns).

Infinimo the Arsonist (Hill Orc Fire Elementalist) Turns: 21001, Time: 00:21:58

Health: -1/102     AC:  9    Str: 12    XL:     13   Next: 15%
Magic:  24/24      EV: 12    Int: 24    God:    Gozag
Gold:   2577       SH:  0    Dex: 11    Spells: 17/27 levels left

rFire    + + .     SeeInvis .   A - +5 long sword "Veixee" {freeze, Int+5}
rCold    + . .     Faith    .   (no shield)
rNeg     . . .     Spirit   .   z - +1 robe {rC+ rF+}
rPois    .         Reflect  .   l - +1 helmet
rElec    .         Harm     .   k - +0 cloak
rCorr    .                      q - +0 pair of gloves
MR       .....                  y - +1 pair of boots {Fly}
Stlth    +.........             p - amulet of magic regeneration
HPRegen  0.27/turn              b - ring of protection from fire
MPRegen  0.44/turn              (no ring)

@: confused, flying, hasted, very quick
A: no striking features
a: Potion Petition, Call Merchant, Bribe Branch, Renounce Religion, Stop Flying


You were on level 3 of the Lair of Beasts.
You worshipped Gozag.
Gozag was most pleased with you.
You visited 3 branches of the dungeon, and saw 14 of its levels.

You collected 2663 gold pieces.
You paid 86 gold pieces to Gozag.

Inventory:

Hand Weapons
 A - the +5 long sword "Veixee" (weapon) {freeze, Int+5}
   (You found it on level 10 of the Dungeon)

   It has been specially enchanted to freeze those struck by it, causing extra
   injury to most foes and up to half again as much damage against particularly
   susceptible opponents.
   It can also slow down cold-blooded creatures.
   It affects your intelligence (+5).
Armour
 k - a +0 cloak (worn)
 l - a +1 helmet (worn)
 q - a +0 pair of gloves (worn)
 y - a +1 pair of boots of flying (worn)
 z - a +1 robe of resistance (worn)
Jewellery
 b - a ring of protection from fire (left hand)
 p - an amulet of magic regeneration (around neck)
 x - a cursed amulet of inaccuracy {unknown}
 C - an uncursed amulet of reflection {unknown}
 E - an uncursed ring of resist corrosion {unknown}
Wands
 f - a wand of acid (13)
 F - a wand of iceblast (20)
Scrolls
 i - 2 scrolls of enchant armour
 t - 2 scrolls of fog
 B - a scroll of magic mapping
 D - a scroll of remove curse
 G - a scroll of enchant weapon
Potions
 a - 3 potions of stabbing
 g - 9 potions of curing
 h - 2 potions of haste
 m - 4 potions of mutation
 n - 3 potions of brilliance {unknown}
 o - 2 potions of might
 r - a potion of lignification
 s - 2 potions of degeneration {unknown}
 u - a potion of invisibility {unknown}
 v - a potion of berserk rage {unknown}


   Skills:
 + Level 5.7 Fighting
 - Level 1.5 Dodging
 - Level 1.5 Stealth
 + Level 7.6 Spellcasting
 * Level 13.2 Conjurations
 * Level 14.5 Fire Magic


You had 17 spell levels left.
You knew the following spells:

 Your Spells              Type           Power        Failure   Level
a - Foxfire               Conj/Fire      ####         1%          1
b - Sticky Flame          Conj/Fire      ######..     1%          4
c - Fireball              Conj/Fire      ######....   1%          5

Your spell library contained the following spells:

 Spells                   Type           Power        Failure   Level
 Conjure Flame            Conj/Fire      ######..     1%          3
 Inner Flame              Hex/Fire       #####...     1%          3
 Animate Skeleton         Necr           #.....       7%          1
 Apportation              Tloc           #.....       7%          1
 Corona                   Hex            #......      7%          1
 Summon Small Mammal      Summ           #...         7%          1
 Call Imp                 Summ           #.......     11%         2
 Call Canine Familiar     Summ           #.......     21%         3
 Summon Guardian Golem    Hex/Summ       #.......     21%         3
 Summon Ice Beast         Ice/Summ       #.......     56%         4
 Summon Lightning Spire   Summ/Air       #.......     56%         4


Dungeon Overview and Level Annotations

Branches:
Dungeon (10/15)            Temple (1/1) D:5            Lair (3/6) D:9
  Swamp (0/4) Lair:3          Orc (0/2) D:10
  Snake: Lair:2-4    Spider: Lair:2-4

Altars:
Ashenzari
Cheibriados
Dithmenos
Elyvilon
Fedhas
Gozag
Hepliaklqana
Kikubaaqudgha
Makhleb
Nemelex Xobeh
Okawaru
Qazlal
Ru
Sif Muna
Trog
Uskayaw
Vehumet
Wu Jian
Xom
Yredelemnul
Zin
The Shining One

Shops:
D:4 (

Annotations:
Lair:3 , 2 transporters, Diriag's ghost, journeyman DDFi


Message History

The entropy weaver is moderately wounded.
The entropy weaver hits you! x3
* * * LOW HITPOINT WARNING * * *
The entropy weaver hits you!
* * * LOW HITPOINT WARNING * * *
Okay, then.
You are confused.
You feel invigorated.
The foxfire hits the entropy weaver.
The entropy weaver is moderately wounded.
The foxfire hits the entropy weaver but does no damage.
The entropy weaver is moderately wounded.
The entropy weaver hits you.
* * * LOW HITPOINT WARNING * * *
You feel yourself speed up. The entropy weaver hits you!
* * * LOW HITPOINT WARNING * * *
The entropy weaver hits you.
* * * LOW HITPOINT WARNING * * *
The entropy weaver hits you!
You die...
Your body crumbles into a pile of gold.

#...............#..../..........
###...P#.......##...............
##.P###........................
##...PP#.#...............P......
#.#.P..........#................
#####.###....#..#...............
#........<.##................
#..........#........#♣.......
#..........§@a......♣♣♣♣♣....
##...#......#.....♣♣♣§..♣♣♣..
#..##.......#...♣♣.§§§§..♣♣.
#####...........♣§§.♣♣§§§♣..
##.##.......♣♣§§§≈§§§♣♣..
#.####......♣≈§§≈§§§§§♣♣> ###
#......#♣..≈≈≈≈§§§♣..
#....#.♣♣§.♣♣♣§§.♣♣♣.
#.P...##♣♣§.♣♣♣§§≈♣♣.


You could see an entropy weaver.

Vanquished Creatures
  4 hydras
  A two-headed ogre (D:10)
  Erica (Lair:1)
  3 death yaks (D:9)
  Sonja (Lair:2)
  2 fire crabs (Lair:3)
  4 black mambas
  A torpor snail (Lair:2)
  3 cane toads
  2 komodo dragons (Lair:3)
  A polar bear (Lair:3)
  A troll (D:10)
  A tyrant leech (Lair:3)
  13 blink frogs
  6 hippogriffs
  A wraith (D:10)
  A wyvern (D:10)
  21 yaks
  A basilisk (Lair:1)
  Grum (Lair:1)
  5 water moccasins
  3 porcupines
  2 black bears
  3 orc warriors
  3 phantoms
  2 ice beasts
  4 sky beasts
  3 ogres
  2 centaurs
  6 wolves (Lair:1)
  7 crocodiles
  10 bullfrogs
  A wyvern skeleton (D:10)
  3 scorpions
  A water moccasin skeleton (D:7)
  11 wights
  4 killer bees (D:10)
  A howler monkey (D:6)
  A bullfrog zombie (D:7)
  A quasit (D:8)
  4 hounds
  A centaur skeleton (D:10)
  4 jellies
  8 orc priests
  2 bullfrog skeletons
  3 iguanas
  9 orc wizards
  10 worker ants
  2 hound zombies
  A hound skeleton (D:10)
  A worker ant zombie (D:9)
  Robin (D:3)
  4 gnolls (D:6)
  9 adders
  2 river rats (D:9)
  A shadow imp (D:5)
  14 white imps
  An ooze (D:1)
  3 worms
  A dart slug (D:1)
  4 leopard geckos (D:5)
  37 orcs
  4 giant cockroaches
  10 goblins
  10 hobgoblins
  11 jackals
  7 kobolds
  5 quokkas
  A ball python (D:5)
  7 bats
  6 frilled lizards
  A jackal skeleton (D:4)
  2 leopard gecko skeletons
  A leopard gecko zombie (D:5)
  5 rats
  A spectral orc (D:6)
335 creatures vanquished.

Vanquished Creatures (others)
  1898 foxfires
  2 fungi (Lair:3)
1900 creatures vanquished.

Grand Total: 2235 creatures vanquished

Notes
Turn   | Place    | Note
-------+----------+-------------------------------------------
     0 | D:1      | Infinimo the Hill Orc Fire Elementalist began the quest for
                  | the Orb.
     0 | D:1      | Reached XP level 1. HP: 14/14 MP: 3/3
   446 | D:1      | Reached XP level 2. HP: 20/20 MP: 2/4
   963 | D:1      | Reached XP level 3. HP: 26/26 MP: 2/5
  1472 | D:2      | Reached skill level 4 in Fire Magic
  1691 | D:2      | Reached XP level 4. HP: 33/33 MP: 0/7
  2394 | D:2      | Noticed an ice beast
  2405 | D:2      | Killed an ice beast
  2405 | D:2      | Reached XP level 5. HP: 25/38 MP: 1/8
  3284 | D:3      | Reached skill level 5 in Fire Magic
  3341 | D:3      | Noticed Robin
  3422 | D:2      | Reached XP level 6. HP: 19/45 MP: 0/9
  3600 | D:3      | Killed Robin
  4131 | D:3      | You fall into a shaft and drop 2 floors!
  4131 | D:5      | Entered Level 5 of the Dungeon
  4141 | D:4      | Found a stormy altar of Qazlal.
  4533 | D:4      | Noticed a black bear
  4563 | D:4      | Reached XP level 7. HP: 28/50 MP: 11/11
  4580 | D:4      | Reached skill level 6 in Fire Magic
  5120 | D:3      | Reached skill level 5 in Conjurations
  5646 | D:3      | Found a burning altar of Makhleb.
  6041 | D:4      | Found Unoet's Weapon Boutique.
  6392 | D:4      | Reached XP level 8. HP: 57/57 MP: 0/12
  6515 | D:4      | Reached skill level 7 in Fire Magic
  6971 | D:5      | Noticed a hippogriff
  6987 | D:5      | Learned a level 4 spell: Sticky Flame
  7002 | D:5      | Killed a hippogriff
  7295 | D:5      | Found a staircase to the Ecumenical Temple.
  7509 | Temple   | Entered the Ecumenical Temple
  7748 | Temple   | Became a worshipper of Gozag Ym Sagoz the Greedy
  8157 | D:5      | Found a shimmering altar of Xom.
  8400 | D:6      | Found a glowing silver altar of Zin.
  8464 | D:6      | Reached skill level 8 in Fire Magic
  8846 | D:6      | Found an ornate altar of the Wu Jian Council.
  9121 | D:6      | Found a basalt altar of Yredelemnul.
  9306 | D:7      | Reached XP level 9. HP: 62/62 MP: 11/15
  9683 | D:7      | Reached skill level 9 in Fire Magic
 10772 | D:8      | Found a hide-covered altar of Uskayaw.
 11394 | D:9      | Reached skill level 10 in Fire Magic
 11648 | D:9      | Reached XP level 10. HP: 69/69 MP: 12/17
 11765 | D:9      | Reached skill level 5 in Spellcasting
 11789 | D:9      | Noticed a death yak
 11794 | D:9      | Noticed a death yak
 11796 | D:9      | Noticed a death yak
 11818 | D:9      | Killed a death yak
 11839 | D:9      | Killed a death yak
 12083 | D:9      | Found a staircase to the Lair.
 12143 | D:9      | Killed a death yak
 12143 | D:9      | Reached skill level 11 in Fire Magic
 12363 | D:9      | Reached skill level 10 in Conjurations
 12482 | D:10     | Entered Level 10 of the Dungeon
 12842 | D:10     | Reached XP level 11. HP: 74/74 MP: 5/19
 12925 | D:10     | Found a staircase to the Orcish Mines.
 13642 | D:10     | Noticed a two-headed ogre
 13669 | D:10     | Killed a two-headed ogre
 13669 | D:10     | Reached skill level 12 in Fire Magic
 14068 | D:10     | Got a shimmering long sword
 14069 | D:10     | Identified the +5 long sword "Veixee" {freeze, Int+5} (You
                  | found it on level 10 of the Dungeon)
 14119 | Lair:1   | Entered Level 1 of the Lair of Beasts
 14230 | Lair:1   | Noticed Erica
 14413 | Lair:1   | Killed Erica
 14757 | Lair:1   | Noticed Grum
 15059 | Lair:1   | Killed Grum
 15680 | Lair:1   | Reached skill level 1 in Fighting
 15775 | Lair:1   | Reached skill level 13 in Fire Magic
 15890 | Lair:1   | Noticed a five-headed hydra
 15903 | Lair:1   | Killed a five-headed hydra
 15903 | Lair:1   | Reached XP level 12. HP: 85/85 MP: 11/22
 17421 | Lair:2   | Noticed Sonja
 17426 | Lair:2   | Killed Sonja
 18378 | Lair:3   | Reached skill level 14 in Fire Magic
 18538 | Lair:3   | Learned a level 5 spell: Fireball
 18683 | Lair:3   | Found a runed translucent door.
 18721 | Lair:3   | Noticed a four-headed hydra
 18732 | Lair:3   | Killed a four-headed hydra
 18914 | Lair:3   | Reached skill level 5 in Fighting
 19112 | Lair:3   | Identified the cursed +0 trident "Zapp" {drain, rPois rC+
                  | MR-}
 19112 | Lair:3   | Noticed a spriggan rider
 19112 | Lair:3   | Identified the +10 rapier of Wimezi {venom, rPois}
 19112 | Lair:3   | Noticed a spriggan berserker
 19115 | Lair:3   | Found a transporter.
 19119 | Lair:3   | Found a transporter.
 19120 | Lair:3   | Found a bloodstained altar of Trog.
 19120 | Lair:3   | Noticed Diriag's ghost (journeyman DDFi)
 19120 | Lair:3   | Identified the +6 spear of the Wraith {vamp, +Rage}
 19120 | Lair:3   | Noticed a spriggan rider
 19224 | Lair:3   | Noticed a seven-headed hydra
 19249 | Lair:3   | Killed a seven-headed hydra
 19249 | Lair:3   | Reached XP level 13. HP: 7/100 MP: 22/24
 20251 | Lair:3   | Found a staircase to the Swamp.
 20623 | Lair:3   | Noticed an entropy weaver
 21001 | Lair:3   | Slain by an entropy weaver

Illustrated notes

Levels and vault maps discovered:
D:1:      eino_arrival_tree_alley, layout_loops_ring, minmay_misc_feat_pillars
D:2:      layout_rooms, serial_forest, infiniplex_forest_straight_3,
          infiniplex_forest_lined_1, infiniplex_forest_lined_corner,
          infiniplex_forest_diagonal, infiniplex_forest_3_way, minivault_25
D:3:      layout_loops_ring, lemuel_coloured_pillars_altar, uniq_robin
D:4:      layout_gridville, nicolae_overflow_hidden_temple, serial_shops, shop
D:5:      layout_loops_ring, marbit_many_paths, minmay_temple_entry_nine_rooms,
          kennysheep_doodads
D:6:      layout_basic, zin_academy, yredelemnul_forgotten_temple_becter,
          kennysheep_mini_moat, minmay_misc_feat_enclosed
D:7:      layout_layer_cave
D:8:      layout_basic, eat_drink_and_be_merry_uskayaw
D:9:      layout_rooms, dpeg_lair_monsters, dk_vineyard_3,
          minmay_stone_trees_medium
D:10:     layout_loops_ring, orc_0_dummy
Temple:   regret_index_temple_generic_petals
Lair:1:   layout_hall_layers, portal_ice_cave_entry_imps, grunt_megastairs_4,
          uniq_erica, uniq_grum
Lair:2:   layout_gridlike, grunt_megastairs_3, uniq_sonja
Lair:3:   gammafunk_mikee_crab_dinner, layout_cave_shapes,
          palyth_hydra_swamp_entry, gammafunk_ghost_wrathful_warriors,
          minivault_27

Skill      XL: |  1  2  3  4  5  6  7  8  9 10 11 12 |
---------------+-------------------------------------+-----
Conjurations   | 2 3 4 5 7 8 10 11 13 | 13.2
Fire Magic     | 4 5 6 8 10 11 13 14 | 14.5
Spellcasting   | 2 3 4 5 6 7 |  7.6
Fighting       | 2 5 |  5.7
Dodging        | |  1.5
Stealth        | |  1.5

Action                   |  1- 3 |  4- 6 |  7- 9 | 10-12 | 13-15 || total
-------------------------+-------+-------+-------+-------+-------++-------
Melee: Dagger            |    23 |     3 |       |       |       ||    26
       Scimitar          |       |    40 |       |       |       ||    40
       Short sword       |       |       |       |    28 |       ||    28
       Long sword        |       |       |       |     7 |    14 ||    21
 Cast: Foxfire           |    59 |   122 |   481 |   481 |    24 ||  1167
       Sticky Flame      |       |       |     4 |    88 |     4 ||    96
  Use: Scroll            |     2 |     3 |     8 |     4 |     8 ||    25
       Potion            |       |       |       |       |     9 ||     9
Armor: Robe              |     5 |    12 |    11 |    52 |    20 ||   100
Dodge: Dodged            |    24 |    48 |    24 |   127 |    29 ||   252
       Rpst.: Scimitar   |       |     5 |     1 |       |       ||     6
       Long sword        |       |       |       |    31 |     2 ||    33

Table legend: (Time is in decaauts)
 A = Elapsed time spent in this place.
 B = Non-inter-level travel time spent in this place.
 C = Inter-level travel time spent in this place.
 D = Time resting spent in this place.
 E = Time spent auto-exploring this place.
 F = Levels seen in this place.
 G = Mean time per level.
                   A        B        C        D        E       F      G
               +--------+--------+--------+--------+--------+-----+--------+
         Total |  21065 |  20481 |    584 |    654 |  17071 |  14 | 1504.6 |
       Dungeon |  14536 |  14042 |    494 |    560 |  11696 |  10 | 1453.6 |
        Temple |    256 |    207 |     49 |      0 |    206 |   1 |  256.0 |
          Lair |   6271 |   6231 |     40 |     94 |   5169 |   3 | 2090.3 |
               +--------+--------+--------+--------+--------+-----+--------+

Top non-repeatable levels by time:
  Lair:3: 2492 daAuts
  Lair:2: 2236 daAuts
     D:9: 2014 daAuts
     D:2: 1774 daAuts
     D:3: 1773 daAuts
    D:10: 1611 daAuts
     D:4: 1569 daAuts
  Lair:1: 1542 daAuts
     D:5: 1477 daAuts
     D:1: 1449 daAuts
     D:7: 1404 daAuts
     D:6: 1008 daAuts
     D:8: 452 daAuts
  Temple: 256 daAuts
